 Dungeon Crawl Stone Soup version 0.27-a0-660-g90476cec82 (webtiles) character file.

Game seed: 766778897286986819

93 theanonym the Cudgeller (level 4, -2/35 HPs)
             Began as a Mummy Fighter on Mar 16, 2021.
             Slain by an orc
             ... wielding a +0 morningstar
              (8 damage)
             ... on level 2 of the Dungeon.
             The game lasted 00:02:52 (2637 turns).

theanonym the Cudgeller (Mummy Fighter)             Turns: 2637, Time: 00:02:52

Health: -2/35      AC:  8    Str: 20    XL:     4   Next: 37%
Magic:  4/4        EV:  5    Int:  7    God:
Gold:   86         SH:  8    Dex: 11    Spells: 3/3 levels left

rFire    x . .     SeeInvis .   a - +0 flail
rCold    + . .     Faith    .   c - +0 kite shield
rNeg     + + +     Spirit   .   g - +0 chain mail
rPois    ∞         Reflect  .   (no helmet)
rElec    .         Harm     .   (no cloak)
rCorr    .         Rampage  .   (no gloves)
Will     .....                  (no boots)
Stlth    ..........             (no amulet)
HPRegen  0.11/turn              (no ring)
MPRegen  0.09/turn              (no ring)

@: no status effects
A: cold resistance 1, negative energy resistance 3, torment resistance 2,
unbreathing 1, heat vulnerability 1, no potions
a: no special abilities


Innate Abilities, Weirdness & Mutations

You are immune to poison.
Your flesh is cold resistant. (rC+)
You are immune to negative energy. (rN+++)
You are immune to unholy pain and torment.
You can survive without breathing.
You are vulnerable to heat. (rF-)
You do not drink.


   Skills:
 - Level 3.0 Fighting
 + Level 3.9 Maces & Flails
 - Level 2.4 Armour
 - Level 2.4 Shields


You had 3 spell levels left.
You didn't know any spells.
Your spell library was empty.

Skill      XL: |  1  2  3 |
---------------+----------+-----
Maces & Flails | 2 3 |  3.9
Fighting       | |  3.0
Armour         | |  2.4
Shields        | |  2.4

Action                   |  1- 3 |  4- 6 || total
-------------------------+-------+-------++-------
Melee: Flail             |   107 |    43 ||   150
Throw: Throwing net      |     2 |       ||     2
Armor: Scale mail        |    28 |       ||    28
       Chain mail        |    28 |    50 ||    78
Dodge: Dodged            |    37 |    19 ||    56
Block: Kite shield       |    64 |    40 ||   104

Inventory:

Hand Weapons
 a - a +0 flail (weapon)
Missiles
 m - 2 throwing nets (quivered)
Armour
 c - a +0 kite shield (worn)
 g - a +0 chain mail (worn)
Jewellery
 b - a +4 ring of evasion
 h - a ring of willpower
Scrolls
 d - 2 scrolls of identify {unknown}
 e - a scroll of immolation {unknown}
 f - 3 scrolls of amnesia {unknown}
 i - a scroll of blinking {unknown}
 j - 2 scrolls of magic mapping {unknown}
 k - a scroll of fog {unknown}
 l - a scroll of enchant weapon {unknown}


You were on level 2 of the Dungeon.
You visited 1 branch of the dungeon, and saw 3 of its levels.

You collected 86 gold pieces.

Dungeon Overview and Level Annotations

Branches:
Dungeon (3/15)

Altars:
Ashenzari
Okawaru

.##..........#..).##
......#......#..>..##
...#..#......#......#
##.##.###'...#.....##
#.##...(.........##
#.###.....#....).#
##.# #.....#####o##
...# #.....# #o# ####
####### #@# #.# ##
##### ######.#
.###...## #......#
.##.....# #.######
........# #.#
.##...).###.#
.###........# .#
##########


You could see 2 orcs.

Notes
Turn   | Place    | Note
-------+----------+-------------------------------------------
     0 | D:1      | theanonym the Mummy Fighter began the quest for the Orb.
     0 | D:1      | Reached XP level 1. HP: 18/18 MP: 1/1
    18 | D:1      | HP: 7/18 [hobgoblin/+0 club (7)]
   450 | D:1      | Reached skill level 2 in Maces & Flails
   539 | D:1      | Reached XP level 2. HP: 24/24 MP: 2/2
   579 | D:1      | Found an iron altar of Okawaru.
  1168 | D:2      | Found a broken altar of Ashenzari.
  1174 | D:2      | HP: 12/24 [worm (6)]
  1213 | D:2      | HP: 10/24 [bat (1)]
  1219 | D:2      | HP: 9/24 [bat (1)]
  1432 | D:2      | Reached XP level 3. HP: 28/29 MP: 3/3
  1564 | D:2      | Reached skill level 3 in Maces & Flails
  1709 | D:2      | Noticed Jessica
  1723 | D:2      | Killed Jessica
  1756 | D:2      | Reached XP level 4. HP: 25/35 MP: 4/4
  2619 | D:3      | HP: 14/35 [orc/+0 morningstar (7)]
  2635 | D:2      | HP: 12/35 [orc/+0 morningstar (3)]
  2637 | D:2      | Slain by an orc

Vanquished Creatures
  Jessica (D:2)
  An adder (D:2)
  2 worms
  A dart slug (D:2)
  2 leopard geckos
  2 orcs (D:3)
  3 giant cockroaches (D:1)
  3 goblins
  7 hobgoblins
  4 jackals
  2 kobolds
  10 bats
  3 frilled lizards
  4 rats
45 creatures vanquished.

Table legend: (Time is in decaauts)
 A = Elapsed time spent in this place.
 B = Non-inter-level travel time spent in this place.
 C = Inter-level travel time spent in this place.
 D = Time resting spent in this place.
 E = Time spent auto-exploring this place.
 F = Levels seen in this place.
 G = Mean time per level.
                   A        B        C        D        E       F      G
               +--------+--------+--------+--------+--------+-----+--------+
         Total |   2715 |   2509 |    206 |    576 |   1491 |   3 |  905.0 |
       Dungeon |   2715 |   2509 |    206 |    576 |   1491 |   3 |  905.0 |
               +--------+--------+--------+--------+--------+-----+--------+

Top non-repeatable levels by time:
     D:2: 1536 daAuts
     D:1: 1086 daAuts
     D:3: 92 daAuts
